Map: Terrasses de Prion

Players

zidar - Winner!

  • Race: Zerg Zerg
  • League: Silver
  • Spawn Location: 11:00

fuaboi

  • Race: Zerg Zerg
  • League: Gold
  • Spawn Location: 5:00

VOD

Have the link to the VOD?

Description

Time

  • Played on: Feb. 12, 2016, 6:58 a.m.
  • Length: 5:32
Show
View Real Time Build Order
Export as new Build Order

zidar Zerg - Winner!

Build Orders: Pool Only 

Get SALT Encoding   

  12  0:18  Spawning Pool  
  11  0:22  Drone  
  12  0:32  Overlord  
  12  1:06  Queen, Zergling x2  
  12  1:08  Zergling x4  
  17  1:12  Extractor  
  16  1:22  Zergling x2  
  17  1:29  Zergling x2  
  13  2:03  Zergling x6  
  16  2:12  Metabolic Boost  
  16  2:15  Zergling x2  
  17  2:26  Zergling x2  
  15  2:57  Zergling x6  
  15  2:58  Zergling x2  
  19  3:06  Roach Warren  
  19  3:08  Drone  
  19  3:10  Zergling x2  
  15  3:58  Zergling x10  
  19  4:22  Zergling x6  
  16  4:50  Zergling x6  
Show
View Real Time Build Order
Export as new Build Order

fuaboi Zerg 

Build Orders: Pool First 

Get SALT Encoding   

  12  0:19  Spawning Pool  
  11  0:22  Drone  
  11  0:26  Drone  
  13  0:31  Drone  
  14  0:40  Overlord  
  14  1:05  Queen  
  14  1:06  Zergling x2  
  14  1:07  Zergling x4  
  19  1:18  Zergling x2  
  20  1:28  Extractor  
  19  1:45  Hatchery  
  17  2:11  Drone x3  
  20  2:25  Drone  
  20  2:27  Drone  
  20  2:28  Overlord  
  21  2:47  Zergling x4  
  21  2:48  Zergling x2  
  22  2:54  Overlord  
  22  2:59  Queen, Drone  
  22  3:00  Overlord  
  22  3:01  Overlord  
  22  3:02  Drone  
  26  3:18  Spine Crawler  
  25  3:24  Zergling x6  
  23  3:47  Baneling Nest  
  21  3:55  Zergling x10  
  22  3:58  Zergling x2  
  8  4:29  Drone x4  
  6  4:53  Zergling x2  
  6  4:54  Zergling x2  
Tags
 
Add a new tag
Caveats
  • Supply blocks, unpowered buildings, or Contaminate may cause inaccurate times.
  • Supply counts are checked every 10 seconds.